 Dungeon Crawl Stone Soup version 0.27.0-1-g7a089689b8 (webtiles) character file.

Game seed: 9395018262577912359

27069 Spaninq the Brawler (level 13, -1/131 HPs)
             Began as a Troll Warper on Aug 14, 2021.
             Was an Initiate of Gozag.
             Hit by a silver javelin thrown by a minotaur (4 damage)
             ... in a Gauntlet.
             The game lasted 00:55:41 (12540 turns).

Spaninq the Brawler (Troll Warper)                 Turns: 12540, Time: 00:55:41

Health: -1/131     AC: 21    Str: 26    XL:     13   Next: 2%
Magic:  22/22      EV:  8    Int: 11    God:    Gozag
Gold:   1213       SH:  0    Dex:  9    Spells: 12/14 levels left

rFire    + + .     SeeInvis +     - Unarmed
rCold    . . .     Faith    .   (no shield)
rNeg     . . .     Spirit   .   f - +0 storm dragon scales of Thoughtfulness {rElec MP+9 Slay+2 Stlth+}
rPois    .         Reflect  .   B - +3 crown of Dyrovepreva {rElec Int+2 SInv}
rElec    +         Harm     .   A - +2 cloak {rCorr}
rCorr    +         Rampage  .   (gloves unavailable)
Will     .....     NoTele   +   (boots unavailable)
Stlth    ..........             u - amulet of regeneration
HPRegen  2.31/turn              h - ring of protection from fire
MPRegen  0.18/turn              s - ring of protection from fire

@: on berserk cooldown, slowed, very slow
A: large, unfitting armour, claws 3, regeneration 1, shaggy fur 1, tough skin 1
a: Renounce Religion, Potion Petition, Call Merchant, Bribe Branch


You were in a Gauntlet.
You worshipped Gozag.
Gozag was most pleased with you.
You visited 3 branches of the dungeon, and saw 13 of its levels.
You also visited: Gauntlet.

You collected 3171 gold pieces.
You spent 1242 gold pieces at shops.
You paid 716 gold pieces to Gozag.

Inventory:

Hand Weapons
 a - a +2 vorpal hunting sling
 m - a +5 halberd of flaming
Missiles
 c - 12 boomerangs of dispersal (quivered)
 d - 495 stones
 e - 7 large rocks
 n - 37 sling bullets
 q - 13 boomerangs
Armour
 f - the +0 storm dragon scales of Thoughtfulness (worn) {rElec MP+9 Slay+2 Stlth+}
   (You found it in a Gauntlet)

   Slay:      It affects your accuracy & damage with ranged weapons and melee
   (+2).
   rElec:     It insulates you from electricity.
   MP:        It affects your magic capacity (+9).
   Stlth:     It makes you more stealthy.
 o - a +0 cloak
 x - the +1 robe of Teufri Ilium {Str+4}
   (You found it on level 8 of the Dungeon)

   Str:       It affects your strength (+4).
 A - a +2 cloak of preservation (worn)
 B - the +3 crown of Dyrovepreva (worn) {rElec Int+2 SInv}
   (You bought it in a shop on level 9 of the Dungeon)

   Int:       It affects your intelligence (+2).
   rElec:     It insulates you from electricity.
   SInv:      It lets you see invisible.
Jewellery
 h - a ring of protection from fire (left claw)
 s - a ring of protection from fire (right claw)
 u - an amulet of regeneration (around neck)
Wands
 p - a wand of digging (7)
 v - a wand of flame (34)
 y - a wand of iceblast (14)
Scrolls
 b - 3 scrolls of blinking
 g - a scroll of fog
 i - 7 scrolls of enchant weapon
 k - a scroll of brand weapon
 t - 2 scrolls of teleportation
 z - a scroll of enchant armour
 C - a scroll of amnesia
Potions
 j - a potion of berserk rage
 l - 4 potions of heal wounds
 r - 4 potions of brilliance
 w - 4 potions of curing
Miscellaneous
 D - a tin of tremorstones (2/2)


   Skills:
 + Level 9.0 Fighting
 + Level 7.4 Throwing
 + Level 6.1 Armour
 + Level 6.5 Dodging
 * Level 16.3 Unarmed Combat
 - Level 1.2 Spellcasting
 - Level 2.1 Translocations


You had 12 spell levels left.
You knew the following spells:

 Your Spells              Type           Power      Damage    Failure   Level
a - Blink                 Tloc           N/A        N/A       71%         2

Your spell library contained the following spells:

 Spells                   Type           Power      Damage    Failure   Level
 Shock                    Conj/Air       0%         1d3       87%         1
 Gell's Gravitas          Tloc           2%         N/A       91%         3
 Lesser Beckoning         Tloc           2%         N/A       91%         3
 Teleport Other           Tloc           5%         N/A       91%         3
 Swiftness                Air            0%         N/A       99%         3
 Airstrike                Air            0%         N/A       100%        4
 Cause Fear               Hex            0%         N/A       100%        4
 Summon Ice Beast         Ice/Summ       0%         N/A       100%        4
 Manifold Assault         Tloc           5%         N/A       100%        5
 Summon Mana Viper        Hex/Summ       0%         N/A       100%        5
 Dragon Form              Tmut           0%         N/A       100%        7
 Monstrous Menagerie      Summ           0%         N/A       100%        7
 Dragon's Call            Summ           0%         N/A       100%        9


Dungeon Overview and Level Annotations

Branches:
Dungeon (11/15)            Temple (1/1) D:4            Lair (1/6) D:11
    Orc (0/2) D:9         Gauntlet (1/1)

Altars:
Ashenzari
Cheibriados
Dithmenos
Elyvilon
Fedhas
Gozag
Hepliaklqana
Kikubaaqudgha
Makhleb
Nemelex Xobeh
Okawaru
Qazlal
Ru
Sif Muna
Trog
Vehumet
Wu Jian
Xom
Yredelemnul
Zin
The Shining One

Shops:
D:4 ?   D:7 :   D:8 *   D:9 [

Annotations:
Gauntlet 10 transporters, 21 runed translucent doors


Innate Abilities, Weirdness & Mutations

You are too large for most types of armour.
You have claws for hands.
Your natural rate of healing is unusually fast.
You are covered in fur. (AC +1)
You have tough skin. (AC +1)


Message History

You claw the minotaur!
The minotaur is lightly wounded.
You closely miss the minotaur.
The minotaur furiously retaliates!
The minotaur headbutts you, but does no damage.
The minotaur is lightly wounded.
The minotaur hits you with the +8 frozen axe "Frostbite" {freezing cloud, *Noise Fly rC+}!!
The minotaur freezes you!
The minotaur gores you but does no damage.
You barely miss the minotaur.
The minotaur furiously retaliates!
The minotaur headbutts you.
The minotaur is lightly wounded.
You are engulfed in freezing vapours.
You claw the minotaur!
The minotaur is moderately wounded.
You are engulfed in freezing vapours.
You mangle the minotaur!!
The minotaur is severely wounded.
You are engulfed in freezing vapours.
The minotaur hits you with the +8 frozen axe "Frostbite" {freezing cloud, *Noise Fly rC+}!!
The minotaur freezes you. The minotaur gores you.
You closely miss the minotaur.
The minotaur is severely wounded.
You are engulfed in freezing vapours.
You scratch the minotaur but do no damage.
The minotaur is severely wounded.
You are engulfed in freezing vapours.
The minotaur hits you with the +8 frozen axe "Frostbite" {freezing cloud, *Noise Fly rC+}!!!
The minotaur freezes you!
* * * LOW HITPOINT WARNING * * *
The minotaur gores you!
* * * LOW HITPOINT WARNING * * *
You feel a strong urge to attack something.
You feel your anger nearly subside.
You are no longer berserk.
You are exhausted.
You feel yourself slow down.
The minotaur throws a silver javelin.
The silver javelin pierces through you!!
* * * LOW HITPOINT WARNING * * *
You die...
Your body crumbles into a pile of gold.

######...#..#####.
#...##.8.####.b..#
#.#.##.....©##.###
#.#....8.####..##.
#.#.##...#..##.hht ###+
#...##.8.#..######
##..⌠.##.#.##...#≈.......
?'⌠...H'.#....8.#∩.......
##...∩##@#.##...#≈.......
#.⌠. #...##.8.#..######
##+ #.#.##...#..#....©
#.#....8.####.....
#.#.##.....©#..#..
#...##.8.####.....
######...#..#....©
#≈8≈#..#.....
#####..#..#..


You could see a minotaur.

Vanquished Creatures
  A boulder beetle (D:11)
  2 hydras
  A two-headed ogre (D:11)
  A death knight (D:11)
  A death yak (Lair:1)
  A thrashing horror (Gauntlet)
  2 manticores (D:11)
  3 ugly things (D:11)
  2 cyclopes
  4 cane toads (Lair:1)
  A black mamba (Lair:1)
  3 unseen horrors (D:11)
  Psyche (D:10)
  3 komodo dragons (Lair:1)
  A tengu conjurer (D:11)
  4 trolls
  6 slime creatures (D:7)
  6 hornets
  3 wraiths (D:11)
  A shadow (D:9)
  2 wyverns
  13 yaks
  9 vampire mosquitoes
  2 large abominations (Gauntlet)
  A steam dragon (D:10)
  Edmund (D:6)
  2 two-headed ogre zombies (D:9)
  An acid dragon (D:10)
  5 water moccasins
  6 orc warriors
  2 ice beasts
  3 black bears
  2 necrophages
  A hornet zombie (D:9)
  11 centaurs
  2 ogres
  3 phantoms (D:9)
  2 kobold brigands
  3 bullfrogs
  2 wyvern zombies
  A gnoll sergeant (D:7)
  6 small abominations (Gauntlet)
  2 scorpions
  A water moccasin skeleton (D:5)
  A troll zombie (D:9)
  9 wights
  13 killer bees
  2 oklob saplings (D:8)
  5 howler monkeys
  8 centaur zombies
  2 jellies
  2 hounds
  4 orc priests
  A bullfrog skeleton (D:6)
  2 iguanas
  10 orc wizards
  2 killer bee zombies
  5 ogre zombies (D:9)
  A howler monkey zombie (D:9)
  4 gnolls (D:7)
  6 adders
  An ufetubus (D:7)
  5 dart slugs
  35 orcs
  12 ball pythons
  8 endoplasms
  5 giant cockroaches
  4 goblins
  7 hobgoblins
  9 jackals
  10 kobolds
  A quokka (D:1)
  6 bats
  2 frilled lizards
  A goblin skeleton (D:9)
  4 goblin zombies (D:9)
  3 hobgoblin skeletons (D:9)
  6 hobgoblin zombies (D:9)
  3 orc skeletons (D:9)
  8 orc zombies (D:9)
  4 rats
341 creatures vanquished.

Vanquished Creatures (others)
  21 demonic plants (Gauntlet)
  10 fungi
  10 plants
41 creatures vanquished.

Grand Total: 382 creatures vanquished

Notes
Turn   | Place    | Note
-------+----------+-------------------------------------------
     0 | D:1      | Spaninq the Troll Warper began the quest for the Orb.
     0 | D:1      | Reached XP level 1. HP: 19/19 MP: 1/1
   161 | D:1      | Reached XP level 2. HP: 28/28 MP: 2/2
   210 | D:1      | Found a faded altar of an unknown god.
   406 | D:1      | Reached skill level 3 in Unarmed Combat
   482 | D:1      | Reached XP level 3. HP: 34/35 MP: 3/3
   546 | D:1      | Learned a level 2 spell: Blink
  1013 | D:2      | Found an opulent altar of Gozag.
  1025 | D:2      | Became a worshipper of Gozag Ym Sagoz the Greedy
  1502 | D:3      | Found an opulent altar of Gozag.
  1571 | D:3      | Found an ornate altar of the Wu Jian Council.
  1581 | D:3      | Found a sacrificial altar of Ru.
  1584 | D:3      | Found a sparkling altar of Nemelex Xobeh.
  2051 | D:4      | Reached skill level 4 in Unarmed Combat
  2051 | D:4      | Reached XP level 4. HP: 40/44 MP: 4/4
  2053 | D:4      | Noticed an ogre
  2056 | D:4      | Killed an ogre
  2057 | D:4      | Reached XP level 5. HP: 52/52 MP: 5/5
  2200 | D:4      | Found a staircase to the Ecumenical Temple.
  2209 | Temple   | Entered the Ecumenical Temple
  2462 | D:4      | Found a blossoming altar of Fedhas.
  2504 | D:4      | Found an ancient bone altar of Kikubaaqudgha.
  2604 | D:4      | Found Onuares's Magic Scroll Shop.
  3120 | D:5      | Entered Level 5 of the Dungeon
  3125 | D:5      | Reached skill level 5 in Unarmed Combat
  3131 | D:5      | Reached XP level 6. HP: 60/61 MP: 6/6
  3205 | D:5      | Reached skill level 1 in Throwing
  3465 | D:5      | Reached skill level 6 in Unarmed Combat
  3480 | D:5      | Noticed an ice beast
  3495 | D:5      | Killed an ice beast
  3496 | D:5      | Reached XP level 7. HP: 62/68 MP: 7/7
  3598 | D:5      | Found a white marble altar of Elyvilon.
  3676 | D:5      | Found a broken altar of Ashenzari.
  3898 | D:6      | Found a shadowy altar of Dithmenos.
  3963 | D:6      | Reached skill level 7 in Unarmed Combat
  4008 | D:6      | Noticed Edmund
  4179 | D:6      | Killed Edmund
  4180 | D:6      | Reached XP level 8. HP: 76/79 MP: 8/8
  4700 | D:7      | Found Quhionis's Book Boutique.
  4720 | D:7      | Reached skill level 8 in Unarmed Combat
  5031 | D:7      | Reached skill level 5 in Fighting
  5164 | D:7      | Reached skill level 9 in Unarmed Combat
  5199 | D:7      | Reached XP level 9. HP: 87/88 MP: 9/9
  5663 | D:7      | Reached skill level 5 in Throwing
  5663 | D:7      | Reached skill level 10 in Unarmed Combat
  6078 | D:8      | Found a shimmering altar of Xom.
  6273 | D:8      | Identified the +1 robe of Teufri Ilium {Str+4}
  6286 | D:8      | Identified a scroll of acquirement
  6287 | D:8      | Acquired a manual of Unarmed Combat
  6360 | D:8      | Found a shimmering blue altar of Sif Muna.
  6390 | D:8      | Paralysed by a hornet for 3 turns
  6550 | D:8      | Reached XP level 10. HP: 91/100 MP: 10/10
  6552 | D:8      | Reached skill level 1 in Armour
  6552 | D:8      | Reached skill level 11 in Unarmed Combat
  6636 | D:8      | Noticed a cyclops
  6647 | D:8      | Killed a cyclops
  6652 | D:8      | Found Golyunod's Assorted Antiques.
  6657 | D:8      | Bought an iron ring for 125 gold pieces
  7246 | D:8      | Paralysed by a hornet for 1 turns
  7574 | D:9      | Reached skill level 12 in Unarmed Combat
  7977 | D:9      | Found a staircase to the Orcish Mines.
  8143 | D:9      | Reached skill level 13 in Unarmed Combat
  8255 | D:10     | Entered Level 10 of the Dungeon
  8639 | D:10     | Reached XP level 11. HP: 73/109 MP: 11/11
  8772 | D:10     | Found a glowing golden altar of the Shining One.
  8799 | D:10     | Noticed Psyche
  8810 | D:10     | Killed Psyche
  9423 | D:9      | Bought the +3 crown of Dyrovepreva {rElec Int+2 SInv} for
                  | 1117 gold pieces
  9423 | D:9      | Found the +3 crown of Dyrovepreva {rElec Int+2 SInv}
  9465 | D:11     | Noticed a five-headed hydra
  9527 | D:11     | Killed a one-headed hydra
  9609 | D:11     | Reached skill level 14 in Unarmed Combat
 10240 | D:11     | Found a staircase to the Lair.
 10348 | D:11     | Noticed a two-headed ogre
 10355 | D:11     | Killed a two-headed ogre
 10356 | D:11     | Reached skill level 5 in Dodging
 10494 | D:11     | Noticed a white ugly thing
 10503 | D:11     | Noticed a green ugly thing
 10510 | D:11     | Killed a white ugly thing
 10530 | D:11     | Killed a green ugly thing
 10531 | D:11     | Reached skill level 15 in Unarmed Combat
 10612 | D:11     | Reached XP level 12. HP: 84/119 MP: 12/12
 10629 | D:11     | Reached skill level 5 in Armour
 10862 | D:11     | Noticed a death knight
 10874 | D:11     | Killed a death knight
 10908 | D:11     | Noticed a boulder beetle
 10919 | D:11     | Killed a boulder beetle
 11514 | Lair:1   | Entered Level 1 of the Lair of Beasts
 11618 | Lair:1   | Noticed a six-headed hydra
 11632 | Lair:1   | Killed a two-headed hydra
 11640 | Lair:1   | Noticed a death yak
 11674 | Lair:1   | Reached skill level 16 in Unarmed Combat
 11789 | Lair:1   | Killed a death yak
 11812 | Lair:1   | Found a gate leading to a gauntlet.
 11860 | Gauntlet | Entered a Gauntlet
 11860 | Gauntlet | Found a transporter.
 11860 | Gauntlet | Found a transporter.
 11864 | Gauntlet | Found a transporter.
 11866 | Gauntlet | Found a transporter.
 11871 | Gauntlet | Found a transporter.
 11878 | Gauntlet | Noticed a catoblepas
 11892 | Gauntlet | Found a transporter.
 11900 | Gauntlet | Found a transporter.
 11900 | Gauntlet | Found a transporter.
 11904 | Gauntlet | Found a transporter.
 11910 | Gauntlet | Found a transporter.
 11916 | Gauntlet | Found a transporter.
 11965 | Gauntlet | Found a transporter.
 11999 | Gauntlet | Found a transporter.
 12001 | Gauntlet | Found a large runed translucent door.
 12001 | Gauntlet | Found a large runed translucent door.
 12002 | Gauntlet | Found a large runed translucent door.
 12002 | Gauntlet | Found a large runed translucent door.
 12003 | Gauntlet | Found a large runed translucent door.
 12003 | Gauntlet | Found a runed translucent door.
 12003 | Gauntlet | Found a large runed translucent door.
 12003 | Gauntlet | Found a runed translucent door.
 12003 | Gauntlet | Found a large runed translucent door.
 12003 | Gauntlet | Found a large runed translucent door.
 12004 | Gauntlet | Found a large runed translucent door.
 12004 | Gauntlet | Found a large runed translucent door.
 12007 | Gauntlet | Found a large runed translucent door.
 12007 | Gauntlet | Found a large runed translucent door.
 12009 | Gauntlet | Found a large runed translucent door.
 12009 | Gauntlet | Found a large runed translucent door.
 12009 | Gauntlet | Found a large runed translucent door.
 12011 | Gauntlet | Found a runed translucent gate.
 12011 | Gauntlet | Found a runed translucent gate.
 12011 | Gauntlet | Found a runed translucent gate.
 12013 | Gauntlet | Found a transporter.
 12024 | Gauntlet | Found a large runed translucent door.
 12131 | Gauntlet | Found a transporter.
 12145 | Gauntlet | Found a transporter.
 12389 | Gauntlet | Identified the +0 storm dragon scales of Thoughtfulness
                  | {rElec MP+9 Slay+2 Stlth+}
 12457 | Gauntlet | Reached XP level 13. HP: 131/131 MP: 13/13
 12525 | Gauntlet | Noticed a minotaur
 12540 | Gauntlet | HP: 3/131 [minotaur/silver javelin (29)]
 12540 | Gauntlet | Hit by a silver javelin thrown by a minotaur

Illustrated notes

Levels and vault maps discovered:
D:1:      dpeg_arrival_leaves_temple_mockup, layout_loops_cross,
          ebering_ecumenical_altar_webs
D:2:      layout_loops_ring, basic_altar, chequers_serial_rivers_room_a
D:3:      layout_loops_cross, grunt_gozag_breadcrumbs,
          nicolae_overflow_hidden_temple, gammafunk_temple_overflow_forgotten
D:4:      layout_cave_pods, mainiacjoe_overflow_surrounded_room, fedhas_altar_2,
          minmay_temple_entry_stoned_glass, serial_shops, nicolae_shop_trees
D:5:      layout_basic, lemuel_tele_altar, mainiacjoe_overflow_tiny_flanked
D:6:      layout_loops_cross, mainiacjoe_overflow_chevrons, st_stairs_13,
          uniq_edmund
D:7:      layout_loops_ring, serial_shops, nicolae_shop_statue_plus,
          serial_rivers, chequers_serial_rivers_small_3,
          chequers_serial_rivers_small_3, chequers_serial_rivers_micro_b,
          chequers_serial_rivers_marsh, kennysheep_cross_bottleneck,
          minivault_24
D:8:      layout_loops_corners, mainiacjoe_overflow_boulevard,
          kennysheep_little_box, serial_shops, kennysheep_mini_moat,
          minmay_misc_feat_encased, introduction_to_nature_2
D:9:      layout_rooms, zombieorc2_lemuel
D:10:     layout_stronghold, tso_metal_star, uniq_psyche
D:11:     minmay_imperfect_grid, layout_layer_cave,
          chequers_serial_rivers_large_a
Temple:   jpeg_temple_island
Lair:1:   layout_roguey, gauntlet_entry_generic, hangedman_lair_generics_rect
Gauntlet: gammafunk_gauntlet_branching [gammafunk_gauntlet_arena_crates,
          nicolae_gauntlet_arena_blocks, nicolae_gauntlet_arena_flowing_pool,
          gammafunk_gauntlet_arena_teeth, nicolae_gauntlet_arena_t_cross,
          minmay_gauntlet_arena_make_your_own_arena,
          gammafunk_gauntlet_arena_hedges, gammafunk_gauntlet_arena_mazey,
          gauntlet_exit_hidden_loot]

Skill      XL: |  1  2  3  4  5  6  7  8  9 10 11 12 |
---------------+-------------------------------------+-----
Fighting       | 2 3 4 5 6 7 8 9 |  9.0
Unarmed Combat | 3 4 5 6 7 9 10 13 15 16 | 16.3
Throwing       | 1 2 4 5 6 7 |  7.4
Dodging        | 2 4 5 6 |  6.5
Armour         | 3 4 6 |  6.1
Spellcasting   | |  1.2
Translocations | |  2.1

Action                   |  1- 3 |  4- 6 |  7- 9 | 10-12 | 13-15 || total
-------------------------+-------+-------+-------+-------+-------++-------
Melee: Unarmed           |    40 |    41 |   225 |   491 |    11 ||   808
       Punch             |     1 |       |     7 |    48 |     1 ||    57
       Halberd           |       |       |       |    10 |       ||    10
 Fire: Hunting sling     |    82 |    53 |   108 |   194 |       ||   437
Invok: Call Merchant     |       |       |       |     1 |       ||     1
  Use: Scroll            |       |       |    16 |     8 |       ||    24
       Potion            |       |       |     2 |     1 |     1 ||     4
 Stab: Invisible         |       |       |     3 |       |       ||     3
       Distracted        |       |       |       |     4 |       ||     4
Armor: Robe              |    14 |     9 |    49 |   147 |       ||   219
       Skin              |       |       |       |     3 |       ||     3
       Storm dragon scal |       |       |       |     3 |     2 ||     5
Dodge: Dodged            |    18 |    13 |    93 |   201 |     1 ||   326
